 Dungeon Crawl Stone Soup version 0.23-a0-38-g6d804a8 (webtiles) character file.

1369 George the Cudgeler (level 8, -1/52 HPs)
             Began as a Gargoyle Fighter on Aug 5, 2018.
             Was an Initiate of Makhleb.
             Slain by an orc warrior
             ... wielding a +0 long sword
              (4 damage)
             ... on level 6 of the Dungeon.
             The game lasted 00:08:51 (4476 turns).

George the Cudgeler (Gargoyle Fighter)              Turns: 4476, Time: 00:08:53

Health: -1/52      AC: 17    Str: 21    XL:     8   Next: 65%
Magic:  10/10      EV:  5    Int: 10    God:    Makhleb [......]
Gold:   362        SH:  9    Dex:  9    Spells: 7/7 levels left

rFire    . . .     SeeInvis .   a - +0 flail
rCold    . . .     Gourm    .   c - +0 shield
rNeg     + . .     Faith    .   n - +0 chain mail (curse)
rPois    ∞         Spirit   .   (no helmet)
rElec    +         Reflect  .   (no cloak)
rCorr    .         Harm     .   z - +0 pair of gloves
MR       +....                  (no boots)
Stlth    ..........             p - amulet of rage
HPRegen  0.17/turn              x - ring of protection from magic
MPRegen  0.12/turn              (no ring)

@: no status effects
A: negative energy resistance 1, electricity resistance, unbreathing,
petrification resistance, rot immunity, AC +5
a: Renounce Religion, Evoke Berserk Rage


You were on level 6 of the Dungeon.
You worshipped Makhleb.
Makhleb was noncommittal.
You were not hungry.

You visited 1 branch of the dungeon, and saw 6 of its levels.

You collected 362 gold pieces.

Inventory:

Hand Weapons
 a - a +0 flail (weapon)
Armour
 c - a +0 shield (worn)
 n - a cursed +0 chain mail (worn)
 z - a +0 pair of gloves (worn)
Jewellery
 p - an amulet of rage (around neck)
 x - a ring of protection from magic (left hand)
Wands
 j - a wand of acid (6)
 y - a wand of digging (13)
Scrolls
 b - 2 scrolls of remove curse
 k - 2 scrolls of random uselessness {unknown}
 l - a scroll of immolation {unknown}
 m - a scroll of noise {unknown}
 q - 5 scrolls of teleportation {unknown}
 s - a scroll of fog {unknown}
 t - a scroll of fear {unknown}
 u - a scroll of magic mapping
 v - a scroll of identify
 w - a scroll of enchant weapon {unknown}
 B - a scroll of blinking {unknown}
Potions
 d - 3 potions of might
 e - 4 potions of flight
 g - 2 potions of agility
 h - a potion of invisibility
 i - 3 potions of haste
 o - a potion of brilliance
 r - a potion of curing
Comestibles
 f - 7 rations


   Skills:
 + Level 6.3 Fighting
 * Level 7.2 Maces & Flails
 + Level 6.2 Armour
 - Level 3.2 Shields
 + Level 3.0 Invocations


You had 7 spell levels left.
You didn't know any spells.
Your spell library was empty.

Dungeon Overview and Level Annotations

Branches:
Dungeon (6/15)
 Temple: D:4-7

Altars:
Dithmenos
Makhleb
Okawaru
Ru
Trog

Annotations:
D:2 dig


Innate Abilities, Weirdness & Mutations

You are resistant to torment.
Your stone body is resilient. (AC +5)
You are immune to poison.
You resist negative energy. (rN+)
You are resistant to electric shocks. (rElec)
You can survive without breathing.
You are immune to petrification.
You are immune to rotting.


Message History

The orc warrior is lightly wounded.
You block the orc warrior's attack.
You thump the orc warrior!
The orc warrior is moderately wounded.
The orc warrior hits you with a long sword!
* * * LOW HITPOINT WARNING * * *
You sock the orc warrior!
The orc warrior is severely wounded.
The orc warrior hits you but does no damage.
You barely miss the orc warrior.
The orc warrior is severely wounded.
The orc warrior hits you but does no damage.
You hit the orc warrior but do no damage.
The orc warrior is severely wounded.
The orc warrior hits you with a long sword!
* * * LOW HITPOINT WARNING * * *
You barely miss the orc warrior.
The orc warrior is severely wounded.
The orc warrior hits you with a long sword.
You die...

...####..... ........
............##..#....
####................# .
..................... ..
......................#.
........................
...............# ....#
....(.........o###(...##
#....(.......oZo@.......
..............####....#.
..............####....#
......................#
.......................#
#...........#####).## .#
#...........# ... .
#.....[.....# #.
##...<..(..##


You could see an orc warrior, 2 orcs and a quokka skeleton.

Vanquished Creatures
  Sigmund (D:3)
  An ice beast (D:6)
  4 ogres
  3 centaurs
  2 hounds
  An orc priest (D:3)
  A bullfrog skeleton (D:4)
  An orc wizard (D:3)
  6 worker ants
  10 adders
  7 gnolls
  A shadow imp (D:5)
  An adder zombie (D:5)
  3 adder skeletons
  4 worms
  2 dart slugs
  5 leopard geckos
  11 orcs
  2 giant cockroaches
  3 goblins
  8 hobgoblins
  3 jackals (D:5)
  2 quokkas
  2 ball pythons
  A bat (D:2)
  5 frilled lizards
  A jackal skeleton (D:4)
  7 kobolds
  9 rats
107 creatures vanquished.

Notes
Turn   | Place    | Note
-------+----------+-------------------------------------------
     0 | D:1      | George the Gargoyle Fighter began the quest for the Orb.
     0 | D:1      | Reached XP level 1. HP: 14/14 MP: 1/1
   257 | D:1      | Reached XP level 2. HP: 18/19 MP: 2/2
   641 | D:2      | Reached XP level 3. HP: 19/24 MP: 3/3
   666 | D:2      | Reached skill level 3 in Maces & Flails
   781 | D:2      | Reached XP level 4. HP: 25/29 MP: 4/4
  1207 | D:3      | Noticed Sigmund
  1226 | D:3      | Killed Sigmund
  1226 | D:3      | Reached skill level 4 in Maces & Flails
  1226 | D:3      | Reached XP level 5. HP: 11/34 MP: 5/5
  1226 | D:3      | Reached XP level 6. HP: 13/39 MP: 6/6
  1806 | D:4      | Reached skill level 5 in Maces & Flails
  1826 | D:4      | Reached skill level 5 in Fighting
  1987 | D:4      | Reached skill level 5 in Armour
  1987 | D:4      | Reached XP level 7. HP: 44/44 MP: 7/7
  2099 | D:4      | Found a shadowy altar of Dithmenos.
  2542 | D:4      | Found a burning altar of Makhleb.
  2773 | D:4      | Found a sacrificial altar of Ru.
  3247 | D:4      | Became a worshipper of Makhleb the Destroyer
  3265 | D:5      | Entered Level 5 of the Dungeon
  3304 | D:5      | Reached skill level 6 in Maces & Flails
  3327 | D:5      | Reached skill level 1 in Invocations
  3500 | D:5      | Reached XP level 8. HP: 29/51 MP: 7/9
  3901 | D:5      | Found an iron altar of Okawaru.
  4146 | D:5      | Found a bloodstained altar of Trog.
  4241 | D:6      | Reached skill level 7 in Maces & Flails
  4245 | D:6      | HP: 2/51 [centaur/arrow (1)]
  4254 | D:6      | Reached * piety under Makhleb
  4476 | D:6      | Slain by an orc warrior

Vault maps used:
D:1:      dpeg_arrival_three_bigger_balls
D:2:      due_unseen_surprise
D:3:      first_ration, minmay_misc_feat_iff, uniq_sigmund
D:4:      marbit_many_paths, hangedman_ru_absence,
          grunt_dithmenos_smoke_and_mirrors
D:5:      okawaru_trees_1, kennysheep_mini_moat
D:6:      chequers_temple_overflow_minitemple,
          minmay_temple_entry_enclosed_plants

Skill      XL: |  1  2  3  4  5  6  7  8 |
---------------+-------------------------+-----
Maces & Flails | 3 4 5 6 7 |  7.2
Fighting       | 4 5 6 |  6.3
Armour         | 4 5 6 |  6.2
Invocations    | 1 3 |  3.0
Shields        | |  3.2

Action                   |  1- 3 |  4- 6 |  7- 9 || total
-------------------------+-------+-------+-------++-------
Melee: Flail             |   136 |   177 |   174 ||   487
 Abil: Evoke Berserk Rag |       |       |     1 ||     1
Evoke: Wand              |       |       |     4 ||     4
  Use: Scroll            |     4 |     4 |     1 ||     9
  Eat: Chunk             |       |     4 |     6 ||    10
       Ration            |       |       |     1 ||     1
Armor: Scale mail        |    71 |    54 |       ||   125
       Chain mail        |       |    35 |   113 ||   148
Dodge: Dodged            |    58 |    51 |    53 ||   162
Block: Shield            |    77 |    83 |   110 ||   270

Table legend:
 A = Spawn XP
 B = Non-spawn XP
 C = Spawn XP percentage of total XP
 D = Spawn monster count
 E = Non-spawn monster count
 F = Spawn count percentage of total count
 G = Total turns spent on level
                    A         B        C        D         E        F      G
               +---------+---------+-------+---------+---------+-------+---------
         Total |       0 |    1956 |   0.0 |       0 |     107 |   0.0 |  4476
               +---------+---------+-------+---------+---------+-------+---------
           D:1 |       0 |      21 |   0.0 |       0 |      14 |   0.0 |   606
           D:2 |       0 |     111 |   0.0 |       0 |      22 |   0.0 |   542
           D:3 |       0 |     358 |   0.0 |       0 |      27 |   0.0 |   806
           D:4 |       0 |     378 |   0.0 |       0 |      17 |   0.0 |  1311
           D:5 |       0 |     735 |   0.0 |       0 |      20 |   0.0 |   928
           D:6 |       0 |     353 |   0.0 |       0 |       7 |   0.0 |   283
               +---------+---------+-------+---------+---------+-------+---------
